 Dungeon Crawl Stone Soup version 0.19.0-18-g426998a (webtiles) character file.

133 esc the Digger (level 5, 0/45 HPs)
             Began as a Gargoyle Earth Elementalist on Nov 11, 2016.
             Killed from afar by an orc wizard (4 damage)
             ... with a magic dart
             ... on level 3 of the Dungeon.
             The game lasted 00:08:42 (3141 turns).

esc the Digger (Gargoyle Earth Elementalist)        Turns: 3141, Time: 00:08:42

Health: 0/45       AC: 22    Str: 11    XL:     5   Next: 16%
Magic:  3/9        EV:  2    Int: 17    God:
Gold:   84         SH:  0    Dex: 10    Spells: 2 memorised, 5 levels left

rFire  . . .     SeeInvis .     a - +0 club
rCold  . . .     Gourm    .     (armour currently unavailable)
rNeg   + + +     Faith    .     (no shield)
rPois  ∞         Spirit   .     (helmet currently unavailable)
rElec  .         Reflect  .     (cloak currently unavailable)
rCorr  .         Harm     .     (gloves currently unavailable)
MR     .....     NoTele   +     (boots currently unavailable)
Stlth  ++........               (no amulet)
                                (no ring)
                                (no ring)

@: tree-form
A: negative energy resistance 1, (electricity resistance), (unbreathing),
petrification resistance, rot immunity, AC +4
a: no special abilities


You were on level 3 of the Dungeon.
You were not hungry.
You were a tree.
You visited 1 branch of the dungeon, and saw 3 of its levels.

You collected 84 gold pieces.

Inventory:

Hand Weapons
 a - a +0 club (weapon)
   (You took it off a goblin on level 1 of the Dungeon)
Missiles
 b - 65 stones (quivered)
Armour
 c - a +0 robe (melded)
 k - a +0 shield
   (You found it on level 1 of the Dungeon)
Scrolls
 h - a scroll of identify {unknown}
 l - 2 scrolls of enchant armour {unknown}
 m - a scroll of magic mapping {unknown}
 n - a scroll of noise {unknown}
Books
 e - a book of Geomancy
Comestibles
 d - a bread ration {@e1}
 f - a chunk of flesh {@w0}
 i - 3 fruits


   Skills:
 + Level 2.1 Fighting
 - Level 1.0 Maces & Flails
 + Level 2.4 Dodging
 - Level 2.1 Stealth
 + Level 2.7 Spellcasting
   Level 0.7 Transmutations
 + Level 4.7 Earth Magic


You had 5 spell levels left.
You knew the following spells:

 Your Spells              Type           Power        Failure   Level  Hunger
a - Sandblast             Erth           ###...       2%          1    #......
x - Stone Arrow           Conj/Erth      ##....       21%         3    ###....


Dungeon Overview and Level Annotations

Branches:
Dungeon (3/15)

Altars:


Innate Abilities, Weirdness & Mutations

You are resistant to torment.
((Your stone body is resilient. (AC +4)))
You are immune to poison.
You resist negative energy. (rN+)
((You are resistant to electric shocks. (rElec)))
((You can survive without breathing.))
You are immune to petrification.
You are immune to rotting.


Message History

The orc wizard blinks!
You now have 0/7 mp.
You don't have enough magic to cast that spell.
Really attack while wielding your 65 stones?
Okay, then.
Unknown command.
Wield which item (- for none, * to show all)? (? for menu, Esc to quit)
a - a +0 club (weapon)
You barely miss the orc wizard. The orc wizard misses you.
The orc wizard closely misses you.
You hit the orc wizard but do no damage.
The orc wizard casts a spell at you. You resist with some effort.
The orc wizard casts a spell at you. The magic dart hits you!
You take 3 damage, and have 20/26 hp.
You closely miss the orc wizard.
The orc wizard gestures wildly while chanting.
The orc wizard blinks!
The orc wizard misses you.
You closely miss the orc wizard.
The orc wizard mumbles some strange words.
The orc wizard seems to speed up.
The orc wizard gestures at you while chanting.
The magic dart hits you!
You take 7 damage, and have 13/26 hp.
MASSIVE DAMAGE!!
You closely miss the orc wizard. The orc wizard hits you with a dagger.
The orc wizard gestures wildly while chanting.
The orc wizard blinks!
The orc wizard completely misses you.
You take 2 damage, and have 11/26 hp.
You miss the orc wizard. The orc wizard barely misses you.
The orc wizard hits you but does no damage.
You hit the orc wizard but do no damage.
The orc wizard closely misses you.
The orc wizard hits you but does no damage.
You barely miss the orc wizard.
The orc wizard gestures at you while chanting.
The puff of flame misses you.
The puff of flame hits the orc wizard.
The orc wizard dies!
Your Fighting skill increases to level 2!
You have reached level 5!
The orc wizard casts a spell at you. The magic dart hits you!
* * * LOW HITPOINT WARNING * * *
You take 4 damage, and have 7/30 hp.
It was a potion of lignification.
You turn into a tree.
Your +0 robe melds into your body.
Your roots penetrate the ground.
The orc wizard barely misses you.
You now have 10/45 hp.
You hit the orc wizard but do no damage.
The orc wizard hits you but does no damage. x2
You barely miss the orc wizard.
The orc wizard hits you but does no damage.
The orc wizard casts a spell at you. The puff of flame hits you!
* * * LOW HITPOINT WARNING * * *
You take 8 damage, and have 2/45 hp.
You closely miss the orc wizard. The orc wizard casts a spell at you.
The magic dart hits you!
The orc wizard hits you but does no damage.
It was a potion of curing.
You feel better.
The orc wizard hits you but does no damage.
You regained 8 hp, and now have 10/45 hp.
You feel better.
The orc wizard hits you but does no damage. x2
You regained 9 hp, and now have 19/45 hp.
You miss the orc wizard. The orc wizard casts a spell at you.
The puff of frost hits you!
* * * LOW HITPOINT WARNING * * *
The orc wizard gestures wildly while chanting.
You take 11 damage, and have 8/45 hp.
MASSIVE DAMAGE!!
You hit the orc wizard.
The orc wizard hits you but does no damage. x2
You closely miss the orc wizard.
The orc wizard hits you but does no damage. x2
You completely miss the orc wizard.
The orc wizard hits you but does no damage.
You closely miss the orc wizard.
The orc wizard hits you but does no damage.
The orc wizard casts a spell at you. The puff of flame hits you!
* * * LOW HITPOINT WARNING * * *
You take 3 damage, and have 6/45 hp.
You hit the orc wizard but do no damage.
The orc wizard hits you with a dagger.
* * * LOW HITPOINT WARNING * * *
The orc wizard hits you but does no damage.
You take 3 damage, and have 3/45 hp.
You closely miss the orc wizard.
The orc wizard gestures at you while chanting.
The puff of flame hits you!
The orc wizard hits you but does no damage.
You hit the orc wizard.
The orc wizard hits you but does no damage.
The orc wizard gestures at you while chanting.
The magic dart hits you!
You die...

!...###.#..#...#
###.....#..# ..#
.........).#.#.#
.................
####......##.##
## #......# +#
#.####.# #. #.#
#. #♣# #o# #o#
#.# #.# #.# #.#
#.#


You could see an orc wizard and an orc.

Vanquished Creatures
  3 adders (D:2)
  2 oozes
  4 worms (D:2)
  2 dart slugs (D:1)
  A leopard gecko (D:2)
  An orc (D:3)
  7 bats
  3 giant cockroaches
  6 hobgoblins
  2 quokkas (D:2)
  2 ball pythons
  A frilled lizard (D:1)
  12 goblins
  5 kobolds
  4 rats
55 creatures vanquished.

Vanquished Creatures (others)
  An orc wizard (D:3)
1 creature vanquished.

Grand Total: 56 creatures vanquished

Notes
Turn   | Place    | Note
-------+----------+-------------------------------------------
     0 | D:1      | esc the Gargoyle Earth Elementalist began the quest for the Orb.
     0 | D:1      | Reached XP level 1. HP: 10/10 MP: 3/3
   252 | D:1      | Reached XP level 2. HP: 16/16 MP: 5/5
   331 | D:1      | HP: 3/16 [kobold/dagger (3)]
   337 | D:1      | HP: 2/16 [kobold/dagger (2)]
   364 | D:1      | Reached skill level 4 in Earth Magic
  1033 | D:1      | Reached XP level 3. HP: 20/20 MP: 6/6
  1248 | D:1      | Reached skill level 2 in Dodging
  1641 | D:2      | Reached skill level 1 in Fighting
  1654 | D:2      | Learned a level 3 spell: Stone Arrow
  2045 | D:2      | Reached XP level 4. HP: 18/25 MP: 0/7
  2447 | D:2      | Reached skill level 1 in Maces & Flails
  3127 | D:3      | Reached skill level 2 in Fighting
  3127 | D:3      | Reached XP level 5. HP: 13/30 MP: 1/9
  3127 | D:3      | HP: 7/30 [orc wizard/magic dart (6)]
  3130 | D:3      | HP: 2/45 [orc wizard/puff of flame (9)]
  3138 | D:3      | HP: 6/45 [orc wizard/puff of flame (3)]
  3141 | D:3      | Killed from afar by an orc wizard

Skill      XL: |  1  2  3  4 |
---------------+-------------+-----
Earth Magic    | 4 |  4.7
Dodging        | 2 |  2.4
Fighting       | 1 2 |  2.1
Maces & Flails | 1 |  1.0
Stealth        | |  2.1
Spellcasting   | |  2.7
Transmutations | |  0.7

Action                   |  1- 3 |  4- 6 || total
-------------------------+-------+-------++-------
Melee: Club              |   117 |    36 ||   153
       Unarmed           |     2 |       ||     2
 Cast: Sandblast         |    34 |    39 ||    73
       Stone Arrow       |     2 |     1 ||     3
  Use: Potion            |       |     3 ||     3
 Stab: Sleeping          |     2 |       ||     2
  Eat: Chunk             |     4 |     4 ||     8
Armor: Robe              |    59 |    26 ||    85
       Skin              |       |    15 ||    15
Dodge: Dodged            |   138 |    51 ||   189

Vault maps used:
D:1:      dpeg_chamrin_arrival_tetris
D:2:      hex_large
D:3:      minivault_19, minmay_crystal_water, uniq_grinder

Table legend:
 A = Turns spent in this place as a percentage of turns spent in the entire game.
 B = Non-inter-level travel turns spent in this place as a percentage of non-inter-level travel turns spent in the entire game.
 C = Inter-level travel turns spent in this place as a percentage of turns spent in this place.
 D = Turns resting spent in this place as a percentage of non-inter-level travel turns spent in this place.
 E = Turns spent auto-exploring this place as a percentage of non-inter-level travel turns spent in this place.
 F = Non-inter-level travel turns spent in this place divided by the number of levels of this place that you've seen.
                   A       B       C       D       E      F
               +-------+-------+-------+-------+-------+----------------------
         Total | 100.0 | 100.0 |   0.3 |   7.0 |   8.1 | 210.7
       Dungeon | 100.0 | 100.0 |   0.3 |   7.0 |   8.1 | 210.7
               +-------+-------+-------+-------+-------+----------------------

Table legend:
 A = Kills in this place as a percentage of kills in entire the game.
 B = Kills by you in this place as a percentage of kills by you in the entire game.
 C = Kills by friends in this place as a percentage of kills by friends in the entire game.
 D = Other kills in this place as a percentage of other kills in the entire game.
 E = Experience gained in this place as a percentage of experience gained in the entire game.
 F = Experience gained in this place divided by the number of levels of this place that you have seen.
                   A       B       C       D       E      F
               +-------+-------+-------+-------+-------+----------------------
         Total | 100.0 | 100.0 |  -nan | 100.0 | 100.0 |  63.7
       Dungeon | 100.0 | 100.0 |  -nan | 100.0 | 100.0 |  63.7
               +-------+-------+-------+-------+-------+----------------------
